 Dungeon Crawl Stone Soup version 0.15-a0-35-ga771cbd (webtiles) character file.

123 4tharraofdagon the Ruffian (level 4, -10/45 HPs)
             Began as a Troll Monk on Apr 2, 2014.
             Was a Believer of Dithmenos.
             Mangled by Pikel
             ... wielding a +1,+2 whip of electrocution
              (12 damage)
             ... on Level 4 of the Dungeon.
             The game lasted 00:03:00 (695 turns).

4tharraofdagon the Ruffian (Troll Monk)              Turns: 695, Time: 00:03:01

HP -10/45        AC  6     Str 19      XL: 4   Next: 20%
MP   2/2         EV 10     Int  7      God: Dithmenos [**....]
Gold 42          SH  0     Dex 12      Spells:  0 memorised,  3 levels left

rFire  . . .     SeeInvis .       - Unarmed
rCold  . . .     Clarity  .     a - +0 robe
rNeg   + . .     Conserve .     (shield restricted)
rPois  .         rCorr    .     (helmet restricted)
rElec  .         rRot     .     n - +0 cloak
SustAb . .       Spirit   .     (gloves unavailable)
rMut   .         Warding  .     (boots unavailable)
Gourm  +         Stasis   +     q - amulet of stasis {unknown}
MR     .....                    (no ring)
                                h - ring of positive energy {unknown}

@: wreathed by umbra, not resistant to hostile enchantments, unstealthy
A: unfitting armour, claws 3, fast metabolism 3, gourmand, regeneration 2,
saprovore 2, shaggy fur 1, tough skin 2
a: Shadow Step, Renounce Religion


You were on level 4 of the Dungeon.
You worshipped Dithmenos.
Dithmenos was pleased with you.
You were very full.

You visited 1 branch of the dungeon, and saw 4 of its levels.

You collected 42 gold pieces.

Inventory:

Armour
 a - a +0 robe (worn)
 n - a +0 cloak (worn)
Comestibles
 b - 2 meat rations
 f - a beef jerky
 g - a bread ration
Scrolls
 c - a scroll of remove curse {unknown}
 d - a scroll of enchant armour {unknown}
 e - a scroll of fear {unknown}
 j - 2 scrolls of amnesia {unknown}
 m - a scroll of random uselessness {unknown}
 o - a scroll of immolation {unknown}
Jewellery
 h - a ring of positive energy (left claw) {unknown}
 q - an amulet of stasis (around neck) {unknown}
Potions
 i - 3 potions of curing
 k - a potion of haste {unknown}
 p - a potion of heal wounds {unknown}


   Skills:
 - Level 3.0 Fighting
 - Level 2.4 Dodging
 - Level 1.1 Stealth
 * Level 5.2 Unarmed Combat


You had 3 spell levels left.
You didn't know any spells.

Dungeon Overview and Level Annotations

Branches:
Dungeon (4/15)
 Temple: D:4-7

Altars:
Dithmenos
Elyvilon

Annotations:
D:4 Pikel


Innate Abilities, Weirdness & Mutations

You are too large for most types of armour.
You have claws for hands.
Your metabolism is lightning-fast.
You like to eat raw meat.
You heal very quickly.
You can eat rotten meat.
You are covered in fur (AC +1).
You have very tough skin (AC +2).


Message History

Pikel struggles against the net!
You eviscerate Pikel but do no damage!
Pikel is heavily wounded!
Pikel struggles against the net!
You barely miss Pikel!
Pikel is heavily wounded!
Pikel struggles against the net!
Unknown command!
The helpless Pikel fails to defend himself!
You eviscerate Pikel!!!
Pikel is almost dead!
Unknown command!
Unknown command!
You eviscerate Pikel!
Pikel is almost dead!
Pikel struggles to escape the net!
Pikel breaks free!
Pikel hits you with a whip of electrocution!!!
* * * LOW HITPOINT WARNING * * *
You are electrocuted!!!
You die!!!

#... #.. #.. #..
#.# #.#.# #.#
#@#@# #.# #.#K#
#.# #.#@# #@#
#.#?##### #K# ##
#b#@#.... #@##.#
#.#.#....
#b#§§§####.#.#..<.
##.#§#.#.@........
#§§§_§§§##.#.#....
##.#§#.###.#.#..>.
##§§§## #.#.#####
##.## #.#.# #


You could see Pikel (bleeding), a slave and a bat.

Vanquished Creatures
  2 slaves (D:4)
  Jessica (D:2)
  2 adders
  A worm (D:3)
  An ooze (D:1)
  5 orcs (D:3)
  A ball python (D:3)
  4 bats
  A goblin (D:4)
  5 hobgoblins (D:1)
  2 jackals (D:3)
  4 kobolds
  A giant cockroach (D:3)
  3 giant newts
  A gnoll skeleton (D:4)
  5 rats
39 creatures vanquished.

Notes
Turn   | Place    | Note
--------------------------------------------------------------
     0 | D:1      | 4tharraofdagon, the Troll Monk, began the quest for the Orb.
     0 | D:1      | Reached XP level 1. HP: 22/22 MP: 1/1
   136 | D:1      | Reached XP level 2. HP: 29/29 MP: 1/1
   226 | D:2      | Noticed Jessica
   233 | D:2      | Killed Jessica
   233 | D:2      | Reached XP level 3. HP: 31/36 MP: 2/2
   404 | D:3      | Reached skill level 5 in Unarmed Combat
   442 | D:3      | Reached XP level 4. HP: 40/45 MP: 2/2
   489 | D:3      | Found a white marble altar of Elyvilon.
   643 | D:4      | Noticed Pikel
   643 | D:4      | Noticed a slave
   643 | D:4      | Noticed a slave
   644 | D:4      | Found a shadowy altar of Dithmenos.
   646 | D:4      | Noticed a slave
   647 | D:4      | Noticed a slave
   653 | D:4      | Became a worshipper of Dithmenos the Shadowed
   653 | D:4      | Acquired Dithmenos' first power
   673 | D:4      | Killed a slave
   683 | D:4      | Killed a slave
   695 | D:4      | HP: 2/45 [Pikel/whip of electrocution (11)]
   695 | D:4      | Mangled by Pikel

Action                   |  1- 3 |  4- 6 || total
-------------------------+-------+-------++-------
Melee: Unarmed           |    59 |    49 ||   108
Throw: Throwing net      |       |     2 ||     2
  Use: Potion            |     1 |       ||     1
 Stab: Sleeping          |     1 |     1 ||     2
       Held in net/web   |       |     2 ||     2
